 Dungeon Crawl Stone Soup version 0.32-a0-683-ge26c5dbc97 (webtiles) character file.

Game seed: 15692435789409818950

368 Revguard the Cutter (level 6, -1/47 HPs)
             Began as a Demonspawn Gladiator on Mar 12, 2024.
             Slain by an ice beast (14 damage)
             ... on level 4 of the Dungeon.
             The game lasted 00:06:28 (2910 turns).

Revguard the Cutter (Demonspawn Gladiator)          Turns: 2910, Time: 00:06:28

Health: -1/47      AC:  6    Str: 14    XL:     6   Next: 41%
Magic:  6/6        EV: 13    Int:  8    God:
Gold:   185        SH:  5    Dex: 17    Spells: 5/5 levels left

rFire   . . .        j - +1 dagger (venom)
rCold   . . .        (no shield)
rNeg    . . .        l - +2 leather armour {Will+}
rPois   .            c - +0 helmet
rElec   .            (no cloak)
rCorr   .            (no gloves)
SInv    .            (no boots)
Will    +....        i - amulet of reflection
Stlth   ++           (no ring)
HPRegen 0.27/turn    (no ring)
MPRegen 0.20/turn

%: reflection
@: no status effects
A: powered by death 2, magic regeneration
a: no special abilities


You were on level 4 of the Dungeon.
You visited 1 branch of the dungeon, and saw 4 of its levels.

You collected 185 gold pieces.

Inventory:

Hand Weapons
 a - a +0 rapier
 j - a +1 dagger of venom (weapon)
Missiles
 d - 2 throwing nets (quivered)
 e - a javelin
Armour
 b - a +0 leather armour
 c - a +0 helmet (worn)
 l - a +2 leather armour of willpower (worn)
Jewellery
 i - an amulet of reflection (around neck)
 q - an amulet of guardian spirit
 u - a ring of flight
 y - a ring of protection from fire
Wands
 v - a wand of light (8)
Scrolls
 g - 2 scrolls of poison {unknown}
 k - a scroll of vulnerability {unknown}
 m - 3 scrolls of teleportation {unknown}
 n - 2 scrolls of enchant armour {unknown}
 p - a scroll of immolation {unknown}
 r - a scroll of blinking {unknown}
 s - a scroll of amnesia {unknown}
Potions
 f - a potion of degeneration {unknown}
 h - a potion of berserk rage {unknown}
 o - a potion of cancellation {unknown}
 t - 2 potions of invisibility {unknown}
 w - 2 potions of curing {unknown}
 x - a potion of mutation {unknown}
 z - a potion of lignification {unknown}


   Skills:
 + Level 3.2 Fighting
 + Level 3.5 Short Blades
 - Level 1.7 Throwing
 + Level 1.8 Armour
 + Level 3.4 Dodging
 * Level 3.2 Stealth
 + Level 2.1 Evocations


You had 5 spell levels left.
You didn't know any spells.
Your spell library contained the following spells:

 Spells                   Type           Power      Damage    Failure   Level
 Call Imp                 Summ           0%         N/A       63%         2
 Sublimation of Blood     Necr           0%         N/A       63%         2
 Passwall                 Erth           0%         N/A       85%         3
 Volatile Blastmotes      Fire/Tloc      0%         2d10      85%         3
 Vhi's Electric Charge    Tloc/Air       0%         N/A       99%         4
 Arcjolt                  Conj/Air       0%         1d10      100%        5
 Bombard                  Conj/Erth      0%         9d1       100%        6
 Plasma Beam              Fire/Air       0%         2x1d10    100%        6
 Summon Hydra             Summ           0%         N/A       100%        7


Dungeon Overview and Level Annotations

Branches:
Dungeon (4/15)
 Temple: D:4-7

Altars:
Cheibriados
Sif Muna
Vehumet

Shops:
D:2 !


Innate Abilities, Weirdness & Mutations

You regenerate health from kills.
You regenerate magic rapidly.


Message History

The ice beast is moderately wounded.
The ice beast hits you but does no damage.
You barely miss the ice beast.
The ice beast is moderately wounded.
The ice beast hits you but does no damage.
You hit the ice beast.
The ice beast is heavily wounded.
You hit the ice beast.
The ice beast is heavily wounded.
You block the ice beast's attack.
You barely miss the ice beast.
The ice beast is heavily wounded.
The ice beast hits you. The ice beast freezes you!
You hit the ice beast.
The ice beast is heavily wounded.
The ice beast misses you.
You hit the ice beast but do no damage.
The ice beast is heavily wounded.
You block the ice beast's attack.
Throw: 3 throwing nets
Press: ? - help, Q - select action, (/) - cycle Shift-Dir - straight line, f - ice beast
Aim: an ice beast (heavily wounded, 57% to hit)
You throw a throwing net.
The throwing net barely misses the ice beast.
The throwing net hits the adder.
The adder is caught in the net!
The adder struggles against the net.
The ice beast hits you. The ice beast freezes you!
You hit the ice beast.
The ice beast is poisoned.
The ice beast is severely wounded.
The adder struggles against the net.
You hit the ice beast but do no damage.
The ice beast is severely wounded.
The adder struggles against the net.
The ice beast closely misses you.
The adder struggles against the net.
You completely miss the ice beast.
The ice beast is severely wounded.
The ice beast hits you.
* * * LOW HITPOINT WARNING * * *
The ice beast freezes you!
You die...

####......## ...#
##....## #..#
####..###..# ##.##...#
######## ##....#
###......#####o{.#
#..........# #oS#.....
##..........# ##Y#
.... #...........# #@#
... #...........#
##.## ..
...........####...# .
...........##.....##
...................##
....................#
..........####......##
#........##
#........#####
#........#
##.......>....########


You could see an ice beast (very poisoned), an adder (caught) and 2 orcs.

Vanquished Creatures
  Sigmund (D:3)
  A sleepcap (D:4)
  Jessica (D:3)
  Ijyb (D:3)
  An iguana (D:4)
  4 adders
  2 dart slugs
  2 orcs (D:3)
  2 ball pythons (D:1)
  3 endoplasms (D:1)
  2 giant cockroaches
  7 hobgoblins
  13 jackals
  5 kobolds
  4 quokkas
  6 bats
  2 frilled lizards
  4 goblins
  4 rats
65 creatures vanquished.

Notes
Turn   | Place    | Note
-------+----------+-------------------------------------------
     0 | D:1      | Revguard the Demonspawn Gladiator began the quest for the
                  | Orb.
     0 | D:1      | Reached XP level 1. HP: 16/16 MP: 1/1
   166 | D:1      | Gained mutation: You regenerate magic rapidly. [demonic
                  | ancestry]
   166 | D:1      | Reached XP level 2. HP: 22/22 MP: 2/2
   174 | D:1      | Found a faded altar of an unknown god.
   302 | D:1      | Reached skill level 1 in Stealth
   830 | D:2      | Found Qeitza's Distillery.
   884 | D:2      | Reached XP level 3. HP: 28/28 MP: 3/3
  1226 | D:2      | Reached skill level 1 in Evocations
  1659 | D:3      | Gained mutation: You regenerate a little health from kills.
                  | [demonic ancestry]
  1659 | D:3      | Reached XP level 4. HP: 34/34 MP: 4/4
  1670 | D:3      | Reached skill level 1 in Armour
  1771 | D:3      | Noticed Ijyb
  1779 | D:3      | Killed Ijyb
  1806 | D:3      | Identified the +1 leather armour of Curiosity {Dex+4
                  | Stlth-}
  1862 | D:3      | Noticed Jessica
  1862 | D:3      | Noticed Sigmund
  1870 | D:3      | Killed Jessica
  1871 | D:3      | Reached XP level 5. HP: 27/40 MP: 5/5
  1939 | D:3      | Killed Sigmund
  1940 | D:3      | Gained mutation: You regenerate health from kills. [demonic
                  | ancestry]
  1940 | D:3      | Reached XP level 6. HP: 31/47 MP: 6/6
  2053 | D:3      | Found a faded altar of an unknown god.
  2053 | D:3      | Found a radiant altar of Vehumet.
  2061 | D:3      | Found a snail-covered altar of Cheibriados.
  2063 | D:3      | Found a faded altar of an unknown god.
  2065 | D:3      | Found a shimmering blue altar of Sif Muna.
  2855 | D:4      | Noticed an ice beast
  2910 | D:4      | Slain by an ice beast

Illustrated notes

Levels and vault maps discovered:
D:1:      orjb1_clovarrival, layout_loops_ring,
          dreamdust_ecumenical_altar_angels_and_demons, grunt_decor_arrowhead
D:2:      layout_basic, serial_shops, nicolae_shop_rolling_square,
          serial_corexii_hall, chequers_hall_statues_wall_a,
          chequers_hall_statues_wall_a, chequers_hall_statues_wall_a,
          corexii_hall_statues_x, minmay_misc_feat_chi, columned_hall_lemuel
D:3:      layout_loops_ring, chequers_temple_overflow_minitemple,
          minmay_misc_feat_tiny, uniq_jessica, uniq_ijyb, uniq_sigmund
D:4:      layout_cave_pods, ebering_ghost_reflecting_pool

Skill      XL: |  1  2  3  4  5  6 |
---------------+-------------------+-----
Stealth        | 1 2 3 |  3.2
Short Blades   | 3 |  3.5
Evocations     | 1 2 |  2.1
Armour         | 1 |  1.8
Dodging        | 3 |  3.4
Fighting       | 3 |  3.2
Throwing       | |  1.7

Action                     |  1- 3 |  4- 6 || total
---------------------------+-------+-------++-------
  Melee: Rapier            |    51 |       ||    51
         Dagger            |    85 |   125 ||   210
  Throw: Throwing net      |       |     1 ||     1
   Stab: Sleeping          |     2 |     2 ||     4
         Distracted        |       |     1 ||     1
 Armour: Leather armour    |    69 |    60 ||   129
  Dodge: Dodged            |    82 |    39 ||   121
  Block: Other             |     3 |    18 ||    21

Table legend: (Time is in decaauts)
 A = Elapsed time spent in this place.
 B = Non-inter-level travel time spent in this place.
 C = Inter-level travel time spent in this place.
 D = Time resting spent in this place.
 E = Time spent auto-exploring this place.
 F = Levels seen in this place.
 G = Mean time per level.
                   A        B        C        D        E       F      G
               +--------+--------+--------+--------+--------+-----+--------+
         Total |   2892 |   2803 |     89 |     45 |   2102 |   4 |  723.0 |
       Dungeon |   2892 |   2803 |     89 |     45 |   2102 |   4 |  723.0 |
               +--------+--------+--------+--------+--------+-----+--------+

Top non-repeatable levels by time:
     D:2: 813 daAuts
     D:1: 813 daAuts
     D:3: 659 daAuts
     D:4: 606 daAuts
